 Dungeon Crawl Stone Soup version 0.17-a0-1767-gccbed74 (webtiles) character file.

97 4thArraOfDagon the Slasher (level 4, -2/48 HPs)
             Began as a High Elf Berserker on Sept 6, 2015.
             Was a Follower of Trog.
             Killed by nerve-wracking pain
             ... invoked by an orc priest
              (12 damage)
             ... on level 5 of the Dungeon.
             The game lasted 00:02:16 (603 turns).

4thArraOfDagon the Slasher (High Elf Berserker)      Turns: 603, Time: 00:02:16

Health: -2/48      AC:  3    Str: 22    XL:     4   Next: 42%
Magic:  5/5        EV: 13    Int: 10    God:    Trog [*.....]
Gold:   26         SH:  0    Dex: 15    Spells: 0 memorised, 3 levels left

rFire  . . .     SeeInvis .     a - +0 falchion
rCold  . . .     Clarity  .     b - +0 animal skin
rNeg   . . .     SustAt   .     (no shield)
rPois  .         Gourm    .     (no helmet)
rElec  .         Spirit   .     g - +0 cloak
rCorr  .         Warding  .     (no gloves)
rMut   .         Stasis   .     (no boots)
MR     .....                    (no amulet)
Stlth  ..........               (no ring)
                                (no ring)

@: berserking, very quick, not resistant to hostile enchantments, extremely
unstealthy
A: no striking features
a: Burn Spellbooks, Berserk, Renounce Religion


You were on level 5 of the Dungeon.
You worshipped Trog.
Trog was aware of your devotion.
You were not hungry.

You visited 1 branch of the dungeon, and saw 5 of its levels.

You collected 26 gold pieces.

Inventory:

Hand weapons
 a - a +0 falchion (weapon)
Armour
 b - a +0 animal skin (worn)
 g - a +0 cloak (worn)
Scrolls
 f - a scroll of blinking {unknown}
 i - a scroll of enchant armour {unknown}
 k - a scroll of identify {unknown}
 l - a scroll of recharging {unknown}
Potions
 d - a potion of agility {unknown}
 e - a potion of poison {unknown}
 h - a potion of mutation {unknown}
Comestibles
 c - 2 bread rations
 j - a beef jerky


   Skills:
 + Level 3.6 Fighting
 * Level 4.8 Long Blades
 + Level 2.4 Armour
 + Level 3.1 Dodging


You had 3 spell levels left.
You didn't know any spells.

Dungeon Overview and Level Annotations

Branches:
Dungeon (5/15)
 Temple: D:4-7

Altars:

Annotations:
D:3 DEFE's ghost, average DgFE


Message History

You swing at nothing.
The orc priest mumbles some strange prayers to Beogh against you.
Pain shoots through your body!
* * * LOW HITPOINT WARNING * * *
You swing at nothing.
You feel a strong urge to attack something.
The orc priest looks braver for a moment.
Unknown command.
You closely miss the orc. The orc misses you.
Unknown command.
You slash the orc!
You feel the power of Trog in you as your rage grows.
You kill the orc!
Trog accepts your kill.
Unknown command.
You slash the orc priest!
The orc priest is heavily wounded.
The orc priest invokes the aid of Beogh against you.
Pain shoots through your body!
You die...

.# .# .# #######
.# #.....# .#
#.###.########.#
#..............##
#.#.#.#######@..#
#.....# #)o)..#
#.....#
##........
#.....# ##..###..
#.....# ..# #
#<#.#.# ..#
#.#.#.# ..#
#.....# ...
###.##


You could see an orc priest.

Vanquished Creatures
  A hound (D:3)
  An orc priest (D:5)
  An adder (D:3)
  An ooze (D:3)
  3 giant geckos
  3 orcs (D:5)
  2 goblins (D:2)
  A hobgoblin (D:2)
  4 jackals (D:4)
  A kobold (D:1)
  A bat (D:3)
  2 rats
21 creatures vanquished.

Notes
Turn   | Place    | Note
--------------------------------------------------------------
     0 | D:1      | 4thArraOfDagon the High Elf Berserker began the quest for the Orb.
     0 | D:1      | Reached XP level 1. HP: 16/16 MP: 2/2
   176 | D:3      | Reached XP level 2. HP: 21/21 MP: 3/3
   184 | D:3      | Noticed DEFE's ghost (average DgFE)
   270 | D:2      | Reached skill level 4 in Long Blades
   324 | D:3      | Noticed a hound
   330 | D:3      | Killed a hound
   330 | D:3      | Reached XP level 3. HP: 26/26 MP: 4/4
   576 | D:5      | Entered Level 5 of the Dungeon
   597 | D:5      | Reached XP level 4. HP: 18/32 MP: 5/5
   603 | D:5      | Killed from afar by an orc priest

Vault maps used:
D:1:      minmay_arrival_stair_chambers
D:2:      elyvilon_altar_4
D:4:      minmay_overflow_temple_star_hex, nicolae_qazlal_general_emergency,
          minmay_temple_entry_junction, first_bread, uniq_eustachio,
          uniq_sigmund
D:5:      kennysheep_mini, grunt_ministairs_1

Action                   |  1- 3 |  4- 6 || total
-------------------------+-------+-------++-------
Melee: Falchion          |    63 |     4 ||    67
Invok: Berserk           |     3 |       ||     3
  Use: Potion            |     1 |       ||     1
  Eat: Chunk             |     1 |       ||     1
